 Dungeon Crawl Stone Soup version 0.30-a0-1160-g6e42c06551 (webtiles) character file.

Game seed: 12377019258568797964

50 BlasphemerAmon the Slasher (level 3, -1/25 (30) HPs)
             Began as a Ghoul Reaver on Apr 25, 2023.
             Slain by an orc
             ... wielding a +0 trident
              (7 damage)
             ... on level 3 of the Dungeon.
             The game lasted 00:06:27 (1827 turns).

BlasphemerAmon the Slasher (Ghoul Reaver)           Turns: 1827, Time: 00:06:28

HP:   -1/25 (30)    AC:  5    Str: 17    XL:     3   Next: 79%
MP:   4/5           EV: 11    Int:  8    God:
Gold: 99            SH:  0    Dex:  7    Spells: 5/6 levels left

rFire   . . .        a - +0 falchion (protect)
rCold   + . .        (no shield)
rNeg    + + +        b - +1 leather armour
rPois   ∞            (no helmet)
rElec   .            d - +0 cloak
rCorr   .            (no gloves)
SInv    .            (no boots)
Will    .....        (no amulet) Stlth
                     (no ring)
HPRegen 0.00/turn    (no ring)
MPRegen 0.09/turn

%: no passive effects
@: confused, inhibited regen, heavily drained
A: claws 1, cold resistance 1, negative energy resistance 3, inhibited
regeneration, torment resistance 2, devour on kill
a: no special abilities


You were on level 3 of the Dungeon.
You visited 1 branch of the dungeon, and saw 3 of its levels.

You collected 99 gold pieces.

Inventory:

Hand Weapons
 a - a +0 falchion of protection (weapon)
Armour
 b - a +1 leather armour (worn)
 d - a +0 cloak (worn)
Potions
 c - a potion of attraction
 e - a potion of resistance {unknown}
 f - a potion of haste


   Skills:
 + Level 2.7 Fighting
 + Level 3.0 Long Blades
 + Level 2.2 Dodging
 + Level 2.2 Spellcasting
 + Level 2.7 Conjurations


You had 5 spell levels left.
You knew the following spells:

 Your Spells              Type           Power      Damage    Failure   Level
a - Kiss of Death         Conj/Necr      12%        2d6       24%         1

Your spell library contained the following spells:

 Spells                   Type           Power      Damage    Failure   Level
 Momentum Strike          Conj/Tloc      6%         3d8       36%         2
 Hailstorm                Conj/Ice       3%         3d3       58%         3


Dungeon Overview and Level Annotations

Branches:
Dungeon (3/15)

Altars:


Innate Abilities, Weirdness & Mutations

You are immune to poison.
You have sharp fingernails.
Your flesh is cold resistant. (rC+)
You are immune to negative energy. (rN+++)
You do not regenerate when monsters are visible.
You are immune to unholy pain and torment.
You thrive by killing the living.


Message History

The orc closely misses you. The orc wizard closely misses you.
The hobgoblin hits you but does no damage.
You hit the orc wizard.
Your weapon exudes an aura of protection.
The orc wizard is heavily wounded.
The orc barely misses you. The hobgoblin misses you.
The orc wizard hits you but does no damage.
You completely miss the orc wizard.
The orc wizard is heavily wounded.
The orc closely misses you. The hobgoblin closely misses you.
The orc wizard hits you but does no damage.
You miss the orc wizard.
The orc wizard is heavily wounded.
The orc wizard barely misses you.
The hobgoblin hits you but does no damage.
The orc hits you from afar with a +0 trident.
* * * LOW HITPOINT WARNING * * *
The orc misses you. The hobgoblin barely misses you.
The orc wizard barely misses you.
Aiming: Kiss of Death (safe; 24% risk of failure)
Press: ? - help, Q - select action Shift-Dir - straight line, f - orc wizard
Aim: an orc wizard, wielding a +0 dagger and wearing a +0 robe (heavily wounded, 100% to hit)
The negative energy hits the orc wizard.
The orc wizard is drained!
The orc wizard is almost dead.
You feel drained. The orc closely misses you. The hobgoblin hits you.
* * * LOW HITPOINT WARNING * * *
You closely miss the orc wizard.
The orc wizard is almost dead.
The orc wizard points at you and mumbles some strange words.
You are confused.
The hobgoblin completely misses you. The orc closely misses you.
The orc completely misses you.
You miss the orc wizard.
The orc wizard is almost dead.
The orc wizard hits you but does no damage.
The orc barely misses you.
The orc hits you from afar with a +0 trident!
You die...

..#... #..........
...... #.........#
>.8.<. #.........#
.....# #.........#
#....
######.........#
#..?##....#..........
#..o.#.##.#..........
#.8og(...)...##.####
#.o@#...........###.
##+##.##............
#......###.<....
###......##.##.#
#.#.##....# .. ......
..### # ........#...
........#...


You could see an orc wizard (very drained), 2 orcs and a hobgoblin.

Vanquished Creatures
  An adder (D:2)
  2 dart slugs (D:1)
  2 orcs (D:3)
  3 ball pythons
  4 endoplasms
  2 giant cockroaches (D:1)
  3 hobgoblins (D:2)
  A jackal (D:2)
  A quokka (D:2)
  4 bats
  5 frilled lizards (D:1)
  3 kobolds
  4 rats
35 creatures vanquished.

Notes
Turn   | Place    | Note
-------+----------+-------------------------------------------
     0 | D:1      | BlasphemerAmon the Ghoul Reaver began the quest for the
                  | Orb.
     0 | D:1      | Reached XP level 1. HP: 17/17 MP: 2/2
   366 | D:1      | Reached XP level 2. HP: 23/24 MP: 3/3
  1004 | D:2      | Reached XP level 3. HP: 30/30 MP: 5/5
  1054 | D:2      | Reached skill level 3 in Long Blades
  1827 | D:3      | Slain by an orc

Illustrated notes

Levels and vault maps discovered:
D:1:      lordsloth_arrival_two_stooges, layout_loops_corners, serial_glass,
          glass_columns_a, glass_columns_b,
          nicolae_concentric_dashed_squares_wild, minmay_lizard_pond
D:2:      layout_basic, minmay_tetromino_l2
D:3:      layout_rooms, grunt_ministairs_13, uniq_crazy_yiuf_cottage

Skill      XL: |  1  2  3 |
---------------+----------+-----
Dodging        | 2 |  2.2
Spellcasting   | 2 |  2.2
Long Blades    | 3 |  3.0
Fighting       | |  2.7
Conjurations   | |  2.7

Action                     || total
---------------------------++-------
  Melee: Falchion          ||   120
         Punch             ||     2
   Cast: Kiss of Death     ||     2
    Use: Scroll            ||     7
         Potion            ||     3
 Armour: Leather armour    ||    71
  Dodge: Dodged            ||   124

Table legend: (Time is in decaauts)
 A = Elapsed time spent in this place.
 B = Non-inter-level travel time spent in this place.
 C = Inter-level travel time spent in this place.
 D = Time resting spent in this place.
 E = Time spent auto-exploring this place.
 F = Levels seen in this place.
 G = Mean time per level.
                   A        B        C        D        E       F      G
               +--------+--------+--------+--------+--------+-----+--------+
         Total |   1841 |   1711 |    130 |    150 |      0 |   3 |  613.7 |
       Dungeon |   1841 |   1711 |    130 |    150 |      0 |   3 |  613.7 |
               +--------+--------+--------+--------+--------+-----+--------+

Top non-repeatable levels by time:
     D:2: 940 daAuts
     D:1: 805 daAuts
     D:3: 94 daAuts
